 Dungeon Crawl Stone Soup version 0.23.2-1-ga50397a (webtiles) character file.

Game seed: 251329791970961816

28 Iscandelvey the Vexing (level 3, 26/26 HPs)
             Began as a Demonspawn Arcane Marksman on Apr 26, 2019.
             Quit the game on level 1 of the Dungeon.
             The game lasted 00:06:35 (1569 turns).

Iscandelvey the Vexing (Demonspawn Arcane Marksman) Turns: 1569, Time: 00:06:36

Health: 26/26      AC:  2    Str: 10    XL:     3   Next: 0%
Magic:  5/5        EV: 12    Int: 15    God:
Gold:   36         SH:  5    Dex: 13    Spells: 2/5 levels left

rFire    . . .     SeeInvis .   e - +0 club
rCold    . . .     Gourm    .   g - +2 buckler
rNeg     . . .     Faith    .   a - +0 robe
rPois    .         Spirit   .   (helmet restricted)
rElec    .         Reflect  .   (no cloak)
rCorr    .         Harm     .   (no gloves)
MR       .....                  (no boots)
Stlth    +.........             (no amulet)
HPRegen  1.08/turn              (no ring)
MPRegen  0.09/turn              (no ring)

@: no status effects
A: antennae 1, powered by death 1
a: no special abilities


You were on level 1 of the Dungeon.
You were very hungry.

You visited 1 branch of the dungeon, and saw 1 of its levels.

You collected 36 gold pieces.

Inventory:

Hand Weapons
 e - a +0 club (weapon)
 i - a +0 dagger
Missiles
 c - 5 javelins (quivered)
 d - a throwing net
 k - 2 stones
Armour
 a - a +0 robe (worn)
 g - a +2 buckler (worn)
 j - a +0 scale mail
Scrolls
 h - a scroll of enchant armour {unknown}
Comestibles
 f - 4 rations


   Skills:
 - Level 1.0 Fighting
 - Level 2.3 Throwing
 + Level 2.2 Dodging
 * Level 0.3 Shields
 * Level 1.7 Spellcasting
 - Level 3.0 Hexes


You had 2 spell levels left.
You knew the following spells:

 Your Spells              Type           Power        Failure   Level  Hunger
a - Corona                Hex            ##.....      11%         1    ##.....
b - Slow                  Hex            ##......     16%         2    ###....

Your spell library contained the following spells:

 Spells                   Type           Power        Failure   Level  Hunger
 Inner Flame              Hex/Fire       #.......     52%         3    ####...
 Portal Projectile        Hex/Tloc       #.....       52%         3    ####...
 Cause Fear               Hex            ##........   71%         4    #####..
 Leda's Liquefaction      Hex/Erth       #.........   89%         4    #####..


Dungeon Overview and Level Annotations

Branches:
Dungeon (1/15)

Altars:


Innate Abilities, Weirdness & Mutations

You have a pair of small antennae on your head.
You regenerate a little health from kills.


Message History

The bat is moderately wounded.
The bat completely misses you. The bat hits you but does no damage.
The bat closely misses you. The bat barely misses you.
You block the bat's attack. The bat hits you but does no damage.
You closely miss the bat.
The bat is moderately wounded.
The bat barely misses you. The bat closely misses you.
The bat hits you but does no damage.
You hit the bat.
You kill the bat!
You have reached level 3!
Your experience leads to an increase in your attributes!
Increase (S)trength, (I)ntelligence, or (D)exterity?
You feel clever.
You feel monstrous as your demonic heritage exerts itself.
Your demonic ancestry asserts itself...
A pair of antennae grows on your head!
Are you sure you want to abandon this character and quit the game? (Confirm with "yes".)

#.# #....................
###.#####.#####..............
..........# #..............
.###.####### #.............
.# #......⌠# #......####+ .#
#.#..♣♣♣# ♣......# .#
#.#.#######♣♣.#...# .#
#.#.'...#.##♣.###.....# .#
#.#.'...'..#♣@###.....# .#
#.#.#...##'##.#.+.....+ .#
#.#.#####<.'..#.#.w...# .#
#.#.♣♣♣ #..##.#.#.....# ##
#.#..8♣ #####.#.#.....#
#.#.♣♣♣ ###..#.########
#.###### #.............#
####......###.####........#
..#######..##.# #........#


There were no monsters in sight!

Vanquished Creatures
  2 dart slugs (D:1)
  A leopard gecko (D:1)
  4 goblins (D:1)
  4 hobgoblins (D:1)
  3 kobolds (D:1)
  3 bats (D:1)
  4 frilled lizards (D:1)
  2 rats (D:1)
23 creatures vanquished.

Notes
Turn   | Place    | Note
-------+----------+-------------------------------------------
     0 | D:1      | Iscandelvey the Demonspawn Arcane Marksman began the quest
                  | for the Orb.
     0 | D:1      | Reached XP level 1. HP: 15/15 MP: 2/2
   369 | D:1      | Gained mutation: You regenerate a little health from kills.
                  | [demonic ancestry]
   369 | D:1      | Reached XP level 2. HP: 9/21 MP: 3/3
   692 | D:1      | Learned a level 2 spell: Slow
  1568 | D:1      | Gained mutation: You have a pair of small antennae on your
                  | head. [demonic ancestry]
  1568 | D:1      | Reached XP level 3. HP: 26/26 MP: 5/5
  1569 | D:1      | Quit the game

Skill      XL: |  1 |
---------------+----+-----
Throwing       | 2 |  2.3
Dodging        | 2 |  2.2
Fighting       | |  1.0
Shields        | |  0.3
Spellcasting   | |  1.7
Hexes          | |  3.0

Action                   || total
-------------------------++-------
Melee: Club              ||    68
       Unarmed           ||     8
Throw: Javelin           ||    21
       Throwing net      ||     1
 Cast: Slow              ||     8
       Corona            ||     4
 Stab: Sleeping          ||     2
  Eat: Chunk             ||     2
Armor: Robe              ||    15
Dodge: Dodged            ||    53
Block: Buckler           ||    15
